 Seeded DCSS version 0.29-a0-409-gd843f3a48c (webtiles) character file.

Game seed: 17930253926559947122 (custom seed)

8 zeratav the Digger (level 2, -2/17 HPs)
             Began as an Octopode Earth Elementalist on May 14, 2022.
             Slain by a kobold
             ... wielding a +0 short sword
              (5 damage)
             ... on level 1 of the Dungeon.
             The game lasted 00:00:30 (599 turns).

zeratav the Digger (Octopode Earth Elementalist)     Turns: 599, Time: 00:00:30

Health: -2/17      AC:  1    Str:  7    XL:     2   Next: 8%
Magic:  2/5        EV: 13    Int: 17    God:
Gold:   0          SH:  0    Dex: 12    Spells: 4/5 levels left

rFire   . . .      SeeInvis .   d - staff of earth {staff}
rCold   . . .      Faith    .   (no shield)
rNeg    . . .      Spirit   .   (helmet restricted)
rPois   .          Reflect  .   (no amulet)
rElec   .          Harm     .   (no ring)
rCorr   .          Rampage  .   (no ring)
Will    .....                   (no ring)
Stlth   +++.......              (no ring)
HPRegen 0.05/turn               (no ring)
MPRegen 0.09/turn               (no ring)
                                (no ring)
                                (no ring)

@: no status effects
A: almost no armour, amphibious, 8 rings, camouflage 1, gelatinous body 1,
(nimble swimmer 1), tentacles
a: no special abilities


You were on level 1 of the Dungeon.
You visited 1 branch of the dungeon, and saw 1 of its levels.


Innate Abilities, Weirdness & Mutations

You cannot wear most types of armour.
You are amphibious.
You can wear up to eight rings at the same time.
Your skin changes colour to match your surroundings (Stealth+).
Your rubbery body absorbs attacks. (AC +1, EV +1)
((You are camouflaged when in or above water. (Stealth+)))
You have tentacles for arms and can constrict up to eight enemies at once.


   Skills:
 - Level 2.0 Dodging
 - Level 2.6 Stealth
 + Level 2.2 Spellcasting
 - Level 1.0 Transmutations
 * Level 3.3 Earth Magic


You had 4 spell levels left.
You knew the following spells:

 Your Spells              Type           Power      Damage    Failure   Level
a - Sandblast             Erth           40%        2d10      4%          1

Your spell library contained the following spells:

 Spells                   Type           Power      Damage    Failure   Level
 Passwall                 Tmut/Erth      11%        N/A       12%         2
 Stone Arrow              Conj/Erth      22%        3d8       28%         3
 Petrify                  Tmut/Erth      14%        N/A       58%         4

Inventory:

Missiles
 a - 44 stones {throwing}
Magical Staves
 d - a staff of earth (weapon) {staff}
   (You found it on level 1 of the Dungeon)
Scrolls
 g - a scroll of enchant weapon {unknown}
Potions
 b - a potion of magic
 c - 2 potions of curing {unknown}
 e - a potion of berserk rage {unknown}
 f - 2 potions of brilliance {unknown}

Dungeon Overview and Level Annotations

Branches:
Dungeon (1/15)

Altars:

..#≈≈≈≈≈≈#
###.....###...#.##..
..#...######+#########
....#.##..
##........#........#
##.. .##..
###.......#........# g
###.#.....#........# # #
....#..............#.#.#
###.#...................
###.#####.#.....))......
..........#.....@K......
###########......K.#.#..
................
#...#####..#.#.#.# #...
##....... #.. #.)...[..
+.. ......#.# #..
##.?#..


You could see 2 kobolds.


Message History

You lost 1 mp, and now have 0/3 mp.
Casting: Sandblast (safe; 4% risk of failure)
Confirm with . or Enter, or press ? or * to list all spells.
You don't have enough magic to cast this spell.
You barely miss the hobgoblin. You grab the hobgoblin.
You constrict the hobgoblin, but do no damage.
The hobgoblin hits you.
* * * LOW HITPOINT WARNING * * *
HP[-3]
You take 3 damage, and now have 4/11 hp.
MASSIVE DAMAGE!! (PAUSE)
You hit the hobgoblin. You squeeze the hobgoblin.
You kill the hobgoblin!
You start resting.
HP[+1] MP[+3]
Your mp is fully restored (3).
You start resting.
HP[+6]
Your hp is fully restored (11).
A rat comes into view.
A rat is nearby!
The helpless rat fails to defend itself.
You hit the rat.
You kill the rat!
You have reached level 2!
HP[+6] MP[+2]
You now have 17 max hp (+6).
Your hp is fully restored (17).
Your mp is fully restored (5).
A kobold comes into view. It is wielding a +0 short sword.
A kobold is nearby!
A kobold comes into view. It is wielding a +0 short sword.
The kobold shouts!
A kobold and a hobgoblin come into view.
A kobold comes into view. It is wielding a +0 short sword.
The kobold closely misses you.
The kobold shouts!
The hobgoblin shouts!
You hit the kobold but do no damage. Your grab misses the kobold.
The kobold hits you with a +0 short sword.
HP[-2]
You take 2 damage, and now have 15/17 hp.
You closely miss the kobold. Your grab misses the kobold.
The kobold barely misses you. The kobold completely misses you.
You hit the kobold. You grab the kobold. You squeeze the kobold.
You kill the kobold!
The kobold barely misses you.
The kobold hits you with a +0 short sword.
The kobold closely misses you.
HP[-5]
You take 5 damage, and now have 10/17 hp.
MASSIVE DAMAGE!! (PAUSE)
You are too injured to fight recklessly!
You are too injured to fight recklessly!
You are too injured to fight recklessly!
You are too injured to fight recklessly!
You are too injured to fight recklessly!
You are too injured to fight recklessly!
You are too injured to fight recklessly!
You are too injured to fight recklessly!
You are too injured to fight recklessly!
You are too injured to fight recklessly!
You are too injured to fight recklessly!
You are too injured to fight recklessly!
You are too injured to fight recklessly!
You are too injured to fight recklessly!
Casting: Sandblast (safe; 4% risk of failure)
Confirm with . or Enter, or press ? or * to list all spells.
Aiming: Sandblast (safe; 4% risk of failure)
Press: ? - help, Shift-Dir - straight line, f - kobold
Aim: a kobold, wielding a +0 short sword (76% to hit)
You feel a surge of power!
The blast of sand misses the kobold.
The kobold closely misses you.
The kobold hits you with a +0 short sword.
* * * LOW HITPOINT WARNING * * *
The kobold barely misses you.
HP[-3] MP[-1]
You take 3 damage, and now have 7/17 hp.
You lost 1 mp, and now have 4/5 mp.
Casting: Sandblast (safe; 4% risk of failure)
Confirm with . or Enter, or press ? or * to list all spells.
Aiming: Sandblast (safe; 4% risk of failure)
Press: ? - help, Shift-Dir - straight line, f/p - kobold
Aim: a kobold, wielding a +0 short sword (76% to hit)
You feel a surge of power!
The blast of sand hits the kobold!
You kill the kobold!
The kobold misses you.
The kobold hits you with a +0 short sword.
* * * LOW HITPOINT WARNING * * *
HP[-4] MP[-1]
You take 4 damage, and now have 3/17 hp.
MASSIVE DAMAGE!! (PAUSE)
You lost 1 mp, and now have 3/5 mp.
Casting: Sandblast (safe; 4% risk of failure)
Confirm with . or Enter, or press ? or * to list all spells.
Aiming: Sandblast (safe; 4% risk of failure)
Press: ? - help, Shift-Dir - straight line, f - hobgoblin
Aim: a hobgoblin (81% to hit)
You feel a surge of power!
The blast of sand hits the hobgoblin!
You kill the hobgoblin!
The kobold hits you with a +0 short sword.
You die...

Action                   || total
-------------------------++-------
Melee: Staff             ||     9
       Constrict         ||     4
       Tentacles         ||     2
 Cast: Sandblast         ||     8
 Stab: Sleeping          ||     2
Armor: Skin              ||     1
Dodge: Dodged            ||    12

Levels and vault maps discovered:
D:1:      dpeg_arrival_yet_another_circle, layout_basic, serial_rivers,
          chequers_serial_rivers_small_b, chequers_serial_rivers_large_b,
          chequers_serial_rivers_micro_b, chequers_serial_rivers_room_b,
          chequers_serial_rivers_micro_c, chequers_serial_rivers_large_a,
          chequers_ecumenical_altar_lobes

Notes
Turn   | Place    | Note
-------+----------+-------------------------------------------
     0 | D:1      | zeratav the Octopode Earth Elementalist began the quest for
                  | the Orb.
     0 | D:1      | Reached XP level 1. HP: 11/11 MP: 3/3
     0 | D:1      | magus.rc [v1.9.6]
   575 | D:1      | Reached XP level 2. HP: 17/17 MP: 5/5
   598 | D:1      | HP: 3/17 [kobold/+0 short sword (4)]
   599 | D:1      | Slain by a kobold

Vanquished Creatures
  A dart slug (D:1)
  3 hobgoblins (D:1)
  2 kobolds (D:1)
  2 rats (D:1)
8 creatures vanquished.

Table legend:
 A = Non-vault XP
 B = Vault XP
 C = Vault XP percentage of total XP
 D = Non-vault monster count
 E = Vault monster count
 F = Vault count percentage of total count
                 A         B        C        D         E       F
            +---------+---------+-------+---------+---------+-------
      Total |      14 |       0 |   0.0 |       8 |       0 |   0.0
            +---------+---------+-------+---------+---------+-------
        D:1 |      14 |       0 |   0.0 |       8 |       0 |   0.0
            +---------+---------+-------+---------+---------+-------

Illustrated notes

Table legend:
 A = Kills in this place as a percentage of kills in entire the game.
 B = Kills by you in this place as a percentage of kills by you in the entire game.
 C = Kills by friends in this place as a percentage of kills by friends in the entire game.
 D = Other kills in this place as a percentage of other kills in the entire game.
 E = Experience gained in this place as a percentage of experience gained in the entire game.
 F = Experience gained in this place divided by the number of levels of this place that you have seen.
                   A       B       C       D       E      F
               +-------+-------+-------+-------+-------+----------------------
         Total | 100.0 | 100.0 |   N/A |   N/A | 100.0 |  14.0
       Dungeon | 100.0 | 100.0 |   N/A |   N/A | 100.0 |  14.0
               +-------+-------+-------+-------+-------+----------------------

Table legend: (Time is in decaauts)
 A = Elapsed time spent in this place.
 B = Non-inter-level travel time spent in this place.
 C = Inter-level travel time spent in this place.
 D = Time resting spent in this place.
 E = Time spent auto-exploring this place.
 F = Levels seen in this place.
 G = Mean time per level.
                   A        B        C        D        E       F      G
               +--------+--------+--------+--------+--------+-----+--------+
         Total |    600 |    600 |      0 |    220 |    320 |   1 |  600.0 |
       Dungeon |    600 |    600 |      0 |    220 |    320 |   1 |  600.0 |
               +--------+--------+--------+--------+--------+-----+--------+

Top non-repeatable levels by time:
     D:1: 600 daAuts
